 Dungeon Crawl Stone Soup version 0.31.0-7-gf635a9b802 (webtiles) character file.

Game seed: 7200538224890376389

21021 sanka the Basher (level 12, 111/111 HPs)
             Began as a Minotaur Fighter on Jan 23, 2024.
             Was a Priest of the Shining One.
             Quit the game on level 1 of the Orcish Mines.
             The game lasted 00:25:19 (14431 turns).

sanka the Basher (Minotaur Fighter)                Turns: 14431, Time: 00:25:19

Health: 111/111    AC: 22    Str: 23    XL:     12   Next: 50%
Magic:  13/13      EV: 21    Int:  7    God:    the Shining One [***...]
Gold:   659        SH:  8    Dex: 19    Spells: 11/11 levels left

rFire   + + .        k - +2 whip (elec)
rCold   . . .        c - +0 buckler
rNeg    + . .        R - +2 fire dragon scales
rPois   +            (helmet restricted)
rElec   .            j - +1 cloak
rCorr   .            T - +3 pair of gloves of the Shining Light {rPois rC+ Int+2}
SInv    .            H - +0 pair of boots
Will    .....        F - amulet of guardian spirit Stlth
                     N - +5 ring of evasion
HPRegen 0.38/turn    x - +6 ring of dexterity
MPRegen 0.13/turn

%: guardian spirit
@: glowing
A: horns 2, retaliatory headbutt
a: Renounce Religion, Divine Shield, Cleansing Flame


You were on level 1 of the Orcish Mines.
You worshipped the Shining One.
The Shining One was most pleased with you.
You visited 2 branches of the dungeon, and saw 12 of its levels.
You also visited: Sewer, Ossuary and Bailey.

You collected 1091 gold pieces.
You spent 432 gold pieces at shops.


Innate Abilities, Weirdness & Mutations

You have a pair of horns on your head.
You reflexively headbutt those who attack you in melee.


   Skills:
 + Level 11.7 Fighting
 - Level 12.0 Maces & Flails
 + Level 11.6 Armour
 + Level 10.0 Dodging
 + Level 11.6 Shields
 + Level 3.0 Invocations


You had 11 spell levels left.
You didn't know any spells.
Your spell library contained the following spells:

 Spells                   Type           Power      Damage    Failure   Level
 Apportation              Tloc           0%         N/A       78%         1
 Freeze                   Ice            0%         1d3       78%         1
 Blink                    Tloc           0%         N/A       89%         2
 Ensorcelled Hibernation  Hex/Ice        0%         N/A       89%         2
 Jinxbite                 Hex            0%         N/A       89%         2
 Lesser Beckoning         Tloc           0%         N/A       89%         2
 Momentum Strike          Conj/Tloc      0%         3d8       89%         2
 Frozen Ramparts          Ice            0%         1d1       98%         3
 Gell's Gravitas          Tloc           0%         N/A       98%         3
 Hailstorm                Conj/Ice       0%         3d5       98%         3
 Passwall                 Erth           0%         N/A       98%         3
 Swiftness                Air            0%         N/A       98%         3
 Teleport Other           Tloc           0%         N/A       98%         3
 Volatile Blastmotes      Fire/Tloc      0%         2d10      98%         3
 Animate Armour           Summ/Erth      0%         N/A       100%        4
 Animate Dead             Necr           0%         N/A       100%        4
 Brom's Barrelling Bould  Conj/Erth      0%         2d3       100%        4
 Cause Fear               Hex            0%         N/A       100%        4
 Fulminant Prism          Conj/Alch      0%         3d5       100%        4
 Iskenderun's Mystic Bla  Conj/Tloc      0%         2d3       100%        4
 Summon Lightning Spire   Summ/Air       0%         N/A       100%        4
 Alistair's Intoxication  Alch           0%         N/A       100%        5
 Borgnjor's Vile Clutch   Necr/Erth      0%         N/A       100%        5
 Fireball                 Conj/Fire      0%         3d3       100%        5
 Iskenderun's Battlesphe  Conj           0%         2d6       100%        5
 Lee's Rapid Deconstruct  Erth           0%         3d4*      100%        5
 Summon Forest            Summ/Tloc      0%         N/A       100%        5
 Summon Mana Viper        Hex/Summ       0%         N/A       100%        5
 Conjure Ball Lightning   Conj/Air       0%         3x3d6     100%        6
 Death Channel            Necr           0%         N/A       100%        6
 Eringya's Noxious Bog    Alch           0%         4d6       100%        6
 Summon Cactus Giant      Summ           0%         N/A       100%        6
 Orb of Destruction       Conj           0%         9d5       100%        7
 Summon Hydra             Summ           0%         N/A       100%        7
 Dragon's Call            Summ           0%         N/A       100%        9

Inventory:

Hand Weapons
 a - a +0 flail
 k - a +2 whip of electrocution (weapon)
 V - a +2 broad axe of flaming
Missiles
 q - 2 curare-tipped darts {=f}
Armour
 c - a +0 buckler (worn)
 j - a +1 cloak (worn)
 D - a +0 plate armour
 H - a +0 pair of boots (worn)
 R - +2 fire dragon scales (worn)
 T - the +3 pair of gloves of the Shining Light (worn) {rPois rC+ Int+2}

   Int+2:     It affects your intelligence (+2).
   rC+:       It protects you from cold.
   rPois:     It protects you from poison
Magical Staves
 h - a staff of air
Jewellery
 u - a ring of positive energy
 x - a +6 ring of dexterity (right hand)
 z - a ring of magical power
 F - an amulet of guardian spirit (around neck)
 M - a ring of protection from fire
 N - a +5 ring of evasion (left hand)
 Q - a ring of ice
Wands
 A - a wand of charming (24)
 C - a wand of mindburst (7)
 I - a wand of digging (9)
 L - a wand of roots (34)
 O - a wand of flame (35)
 S - a wand of polymorph (16)
Scrolls
 e - 4 scrolls of fog
 g - a scroll of revelation
 i - 5 scrolls of enchant weapon
 m - 2 scrolls of poison {!r}
 n - 3 scrolls of noise {!r}
 t - 3 scrolls of blinking
 v - 3 scrolls of fear
 y - 2 scrolls of enchant armour
 B - 6 scrolls of teleportation {@r4}
 K - 2 scrolls of silence {!r}
 P - 2 scrolls of immolation {unknown}
Potions
 b - a potion of magic {unknown}
 d - a potion of might
 f - 5 potions of heal wounds {unknown}
 l - 3 potions of lignification {unknown}
 o - 2 potions of ambrosia {unknown}
 p - 10 potions of haste {@q3}
 r - a potion of cancellation {unknown}
 s - 3 potions of resistance {unknown}
 w - 2 potions of curing {unknown}
 E - 2 potions of attraction {unknown}
 G - 2 potions of enlightenment {unknown}
 J - 3 potions of invisibility {unknown}
 U - 2 potions of brilliance {unknown}
Miscellaneous
 W - a tin of tremorstones (2/2)

Dungeon Overview and Level Annotations

Branches:
Dungeon (11/15)            Temple (0/1) D:7            Lair (0/5) D:10
    Orc (1/2) D:11          Sewer (visited)         Ossuary (visited)
 Bailey (visited)

Altars:
Ashenzari
Cheibriados
Elyvilon
Fedhas
Qazlal
Ru
Trog
Vehumet
The Shining One

Shops:
D:1 =(   D:4 :

Annotations:
D:10 exclusion: downstairs

......o....▒
. ......$.T.
.. ........▒▒
...▒........▒
............▒
............▒
............▒
.......H>...▒
............▒
............▒
............▒
.........▒.▒▒
........▒▒▒▒
........▒
.....▒.▒▒


You could see a troll and an orc warrior.


Message History

Done exploring.
Done exploring.
Search for what [Enter for "mace", or ? for help]? .
You see here a tin of tremorstones (2/2).
W - a tin of tremorstones (2/2) Done exploring.
Search for what [Enter for "."]? .
Use which ability? (? or * to list)
You can't do that.
Unknown command.
Search for what [Enter for "."]? armour Search for what [Enter for "armour", or ? for help]? shield Search for what [Enter for "shield", or ? for help]? hat Can't find anything matching that.
Unknown command.
Done exploring.
You see here a +0 robe.
You see here a +0 short sword.
You see here a +0 halberd.
There is an escape hatch in the ceiling here.
There is a staircase to the Orcish Mines here.
You climb downwards.
Welcome to the Orcish Mines!
The troll shouts!
You hear a shout!
Found 15 gold pieces.
Found a stone staircase leading down.
There is a staircase back to the Dungeon here.
Unknown command.
Are you sure you want to abandon this character and quit the game? (Confirm with "yes".)

Action                     |  1- 3 |  4- 6 |  7- 9 | 10-12 || total
---------------------------+-------+-------+-------+-------++-------
  Melee: Flail             |    78 |   176 |   245 |       ||   499
         Headbutt          |     8 |    23 |    95 |   191 ||   317
         Whip              |       |       |   178 |   542 ||   720
 Invoke: Divine Shield     |       |       |     1 |     1 ||     2
  Evoke: Wand              |       |       |     2 |       ||     2
    Use: Scroll            |       |     4 |     8 |     1 ||    13
         Potion            |       |       |     1 |       ||     1
 Armour: Scale mail        |    30 |       |       |       ||    30
         Chain mail        |    11 |   146 |   117 |       ||   274
         Plate armour      |       |       |   138 |    43 ||   181
         Fire dragon scale |       |       |       |   127 ||   127
  Dodge: Dodged            |    36 |    63 |    99 |   222 ||   420
  Block: Buckler           |    15 |    44 |    78 |   135 ||   272

Levels and vault maps discovered:
D:1:      ldierk_walled_garden_2, layout_loops_corners, serial_shops,
          shop_statue, nicolae_shop_bloodbath_and_beyond,
          dreamdust_princess_corridor, minmay_lizard_king
D:2:      layout_basic, basic_altar
D:3:      layout_loops_ring, portal_sewer_entry_a, serial_rivers,
          chequers_serial_rivers_micro_c, chequers_serial_rivers_room_a,
          chequers_serial_rivers_large_a, chequers_serial_rivers_micro_b,
          minmay_ruptured
D:4:      minmay_inner_zag, layout_layer_cave, nicolae_overflow_crystal_walls,
          nicolae_custom_books, minmay_misc_feat_room, uniq_grinder,
          uniq_blork_the_orc
D:5:      layout_basic, minmay_hedge_maze, minmay_fountain_box, uniq_ijyb
D:6:      layout_layer_cave, nicolae_overflow_squiral, minmay_gold_behind_fungi,
          st_stairs_13, roderic_lattice_a, uniq_duvessa
D:7:      layout_loops_corners, mainiacjoe_overflow_catwalk_spiral,
          minmay_temple_entry_butterflies, chequers_ossuary_entry_cave,
          nicolae_wand_duel
D:8:      layout_loops_cross, ebering_ghost_reflecting_pool, minmay_door_square,
          minmay_misc_feat_secret_circle, kennysheep_generic_room_8
D:9:      layout_grid_maze, chequers_temple_overflow_statue_of_worship,
          kennysheep_little_box, enter_bailey_6
D:10:     minmay_curly_fans, layout_irregular_city, marbit_many_paths,
          david_lair_shrubbed, hangedman_decor_riveting, uniq_joseph
D:11:     minmay_distorted_concentric_squares, layout_rooms,
          minmay_orc_entry_guard_dogs
Orc:1:    dreamdust_dug_too_deep, layout_caves, mines4_lemuel

Notes
Turn   | Place    | Note
-------+----------+-------------------------------------------
     0 | D:1      | sanka the Minotaur Fighter began the quest for the Orb.
     0 | D:1      | Reached XP level 1. HP: 19/19 MP: 0/0
   214 | D:1      | Found Suwnuag's Weapon Shoppe.
   412 | D:1      | Reached skill level 4 in Fighting
   419 | D:1      | Reached skill level 3 in Maces & Flails
   419 | D:1      | Reached XP level 2. HP: 23/27 MP: 1/1
   675 | D:1      | Found Jykhir's Jewellery Boutique.
   962 | D:2      | Reached skill level 4 in Maces & Flails
   963 | D:2      | Reached XP level 3. HP: 32/33 MP: 2/2
  1302 | D:2      | Found a snail-covered altar of Cheibriados.
  1545 | D:2      | Reached skill level 5 in Maces & Flails
  1753 | D:3      | Reached XP level 4. HP: 40/40 MP: 3/3
  1897 | D:3      | Found a glowing drain.
  1922 | Sewer    | Entered a sewer
  2012 | Sewer    | Reached skill level 6 in Maces & Flails
  2016 | Sewer    | Reached XP level 5. HP: 44/46 MP: 4/4
  2172 | Sewer    | Reached skill level 7 in Maces & Flails
  2266 | Sewer    | Reached XP level 6. HP: 51/52 MP: 5/5
  2863 | D:3      | Reached skill level 8 in Maces & Flails
  3153 | D:4      | Noticed Grinder
  3166 | D:4      | Killed Grinder
  3167 | D:4      | Reached skill level 9 in Maces & Flails
  3167 | D:4      | Reached XP level 7. HP: 47/59 MP: 6/6
  3391 | D:4      | Identified the +0 robe "Fiepol" {Dex+2 Stlth+}
  3778 | D:4      | Reached skill level 10 in Maces & Flails
  4064 | D:4      | Found a blossoming altar of Fedhas.
  4070 | D:4      | Noticed Blork the orc
  4086 | D:4      | Killed Blork the orc
  4315 | D:4      | Found Ruoneakh's Self-Published Books.
  4645 | D:5      | Entered Level 5 of the Dungeon
  4722 | D:5      | Reached skill level 11 in Maces & Flails
  4969 | D:5      | Noticed Ijyb
  4977 | D:5      | Killed Ijyb
  5123 | D:5      | Reached XP level 8. HP: 53/66 MP: 7/7
  5775 | D:6      | Reached skill level 12 in Maces & Flails
  5780 | D:6      | Noticed Duvessa
  5797 | D:5      | Reached skill level 4 in Armour
  5797 | D:5      | Reached skill level 1 in Dodging
  5797 | D:5      | Reached skill level 4 in Shields
  5988 | D:6      | Noticed Dowan
  6097 | D:6      | Killed Duvessa
  6098 | D:6      | Reached skill level 2 in Dodging
  6114 | D:5      | Killed Dowan
  6610 | D:6      | Found a glowing golden altar of the Shining One.
  6618 | D:6      | Reached skill level 5 in Fighting
  6632 | D:6      | Reached skill level 5 in Armour
  6632 | D:6      | Reached skill level 5 in Shields
  6688 | D:6      | Found a broken altar of Ashenzari.
  6693 | D:6      | Became a worshipper of the Shining One
  7004 | D:6      | Reached skill level 3 in Dodging
  7090 | D:6      | Reached XP level 9. HP: 74/74 MP: 8/8
  7609 | D:7      | Found a sacrificial altar of Ru.
  7613 | D:7      | Found a snail-covered altar of Cheibriados.
  7639 | D:7      | Found a sand-covered staircase.
  7648 | Ossuary  | Entered an ossuary
  7683 | Ossuary  | Reached * piety under the Shining One
  8327 | D:1      | Bought a +5 ring of evasion for 432 gold pieces
  8585 | D:7      | Reached skill level 6 in Fighting
  8635 | D:7      | Found a staircase to the Ecumenical Temple.
  8725 | D:7      | Reached skill level 6 in Armour
  8725 | D:7      | Reached skill level 4 in Dodging
  8725 | D:7      | Reached skill level 6 in Shields
  9258 | D:8      | Identified +0 steam dragon scales
  9461 | D:8      | Reached skill level 7 in Fighting
  9466 | D:8      | Reached skill level 5 in Dodging
  9635 | D:8      | Found a runed translucent door.
  9640 | D:8      | Noticed flestrin's ghost (novice SpEn)
  9640 | D:8      | Reached ** piety under the Shining One
  9808 | D:8      | Reached skill level 7 in Armour
  9808 | D:8      | Reached skill level 7 in Shields
 10031 | D:8      | Killed flestrin's ghost
 10032 | D:8      | Reached XP level 10. HP: 82/86 MP: 1/9
 10401 | D:9      | Found a flagged portal.
 10420 | D:9      | Reached skill level 6 in Dodging
 10452 | Bailey   | Entered a bailey
 10590 | Bailey   | Reached skill level 8 in Fighting
 10714 | Bailey   | Reached skill level 8 in Shields
 10733 | Bailey   | Identified +2 fire dragon scales
 10735 | Bailey   | Noticed an orc knight
 10757 | Bailey   | Killed an orc knight
 10758 | Bailey   | Reached skill level 8 in Armour
 10778 | Bailey   | Acquired the +3 pair of gloves of the Shining Light {rPois
                  | rC+ Int+2}
 10966 | D:9      | Found a bloodstained altar of Trog.
 10966 | D:9      | Found a white marble altar of Elyvilon.
 11209 | D:9      | Found a stormy altar of Qazlal.
 11250 | D:9      | Reached skill level 7 in Dodging
 11255 | D:9      | Reached skill level 9 in Fighting
 11261 | D:9      | Reached skill level 9 in Shields
 11276 | D:9      | Reached skill level 9 in Armour
 11383 | D:9      | Reached XP level 11. HP: 70/97 MP: 7/10
 12125 | D:10     | Entered Level 10 of the Dungeon
 12258 | D:10     | Noticed Joseph
 12276 | D:10     | Killed Joseph
 12329 | D:10     | Found a staircase to the Lair.
 12377 | D:10     | Reached skill level 8 in Dodging
 12406 | D:10     | Reached skill level 10 in Fighting
 12583 | D:10     | Reached skill level 10 in Armour
 12583 | D:10     | Reached skill level 10 in Shields
 12907 | D:10     | Noticed a red ugly thing
 12920 | D:10     | Killed a red ugly thing
 13140 | D:10     | Found a radiant altar of Vehumet.
 13323 | D:11     | Reached *** piety under the Shining One
 13416 | D:11     | Reached skill level 9 in Dodging
 13512 | D:11     | Reached skill level 11 in Fighting
 13521 | D:11     | Noticed a skeletal warrior
 13552 | D:11     | Killed a skeletal warrior
 13553 | D:11     | Reached skill level 11 in Armour
 13553 | D:11     | Reached XP level 12. HP: 97/110 MP: 11/11
 13601 | D:11     | Found a staircase to the Orcish Mines.
 13611 | D:11     | Reached skill level 11 in Shields
 13667 | D:11     | Noticed a tengu warrior
 13681 | D:11     | Killed a tengu warrior
 13682 | D:11     | Reached skill level 1 in Invocations
 13729 | D:11     | Identified +0 acid dragon scales
 13816 | D:11     | Noticed a boulder beetle
 13829 | D:11     | Reached skill level 2 in Invocations
 13846 | D:11     | Killed a boulder beetle
 13922 | D:11     | Reached skill level 10 in Dodging
 14277 | D:11     | Reached skill level 3 in Invocations
 14430 | Orc:1    | Entered Level 1 of the Orcish Mines
 14431 | Orc:1    | Quit the game

Vanquished Creatures
  A boulder beetle (D:11)
  A tengu warrior (D:11)
  4 skeletal warriors (D:11)
  The ghost of flestrin the Covert, a novice SpEn of Wu Jian (D:8)
  An orc knight (Bailey)
  An ugly thing (D:10)
  3 cyclopes
  A manticore (D:10)
  Joseph (D:10)
  2 efreet (D:10)
  An unseen horror (D:11)
  A komodo dragon (D:10)
  3 trolls
  A hornet (shapeshifter) (D:11)
  Grinder (D:4)
  2 hornets
  A slime creature (D:10)
  33 yaks
  4 wraiths
  A warg (D:11)
  2 wyverns
  3 steam dragons
  4 vampire mosquitoes
  An acid dragon (D:11)
  Duvessa (D:6)
  A water moccasin (D:7)
  9 orc warriors
  An ice beast (D:8)
  3 sky beasts
  2 black bears
  2 ogres
  2 wolves (D:11)
  11 centaurs
  A phantom (D:4)
  5 kobold brigands
  Blork the orc (D:4)
  3 bullfrogs (D:8)
  Dowan (D:5)
  14 killer bees
  A howler monkey (D:7)
  4 hounds
  A jelly (D:6)
  4 orc priests
  2 sleepcaps
  Ijyb (D:5)
  7 iguanas
  14 orc wizards
  8 mummies (Ossuary)
  11 adders
  3 river rats (D:3)
  A shadow imp (D:5)
  2 dart slugs
  2 ribbon worms
  51 orcs
  3 bats
  7 endoplasms
  7 giant cockroaches
  2 gnoll zombies (Ossuary)
  7 goblins
  6 hobgoblins
  3 jackals (D:4)
  27 kobolds
  4 quokkas
  7 ball pythons
  15 frilled lizards
  4 kobold zombies (Ossuary)
  2 orc zombies (Ossuary)
  13 rats
  A butterfly (D:7)
351 creatures vanquished.
